 Dungeon Crawl Stone Soup version 0.29.1-12-g30fa7ad0bf (webtiles) character file.

Game seed: 13773985125659357730

16 wormed the Ducker (level 2, -3/29 HPs)
             Began as a Gnoll Monk on Dec 24, 2022.
             Slain by a worm (9 damage)
             ... on level 2 of the Dungeon.
             The game lasted 00:00:50 (557 turns).

wormed the Ducker (Gnoll Monk)                       Turns: 557, Time: 00:00:51

Health: -3/29      AC:  2    Str: 10    XL:     2   Next: 54%
Magic:  2/2        EV: 14    Int:  9    God:
Gold:   121        SH:  4    Dex: 14    Spells: 2/2 levels left

rFire   . . .      SeeInvis .   a - +0 short sword
rCold   + . .      Faith    .   e - +1 buckler {rC+}
rNeg    . . .      Spirit   .   b - +0 robe
rPois   .          Reflect  .   (no helmet)
rElec   .          Harm     .   (no cloak)
rCorr   .          Rampage  .   (no gloves)
Will    .....                   (no boots)
Stlth   +++.......              (no amulet)
HPRegen 0.09/turn               (no ring)
MPRegen 0.08/turn               (no ring)

@: no status effects
A: fangs 1, strong nose, distributed training
a: no special abilities


You were on level 2 of the Dungeon.
You visited 1 branch of the dungeon, and saw 2 of its levels.

You collected 121 gold pieces.

Inventory:

Hand Weapons
 a - a +0 short sword (weapon)
Missiles
 j - 3 javelins (quivered)
Armour
 b - a +0 robe (worn)
 e - a +1 buckler of cold resistance (worn)
Scrolls
 d - 2 scrolls of amnesia {unknown}
 f - 3 scrolls of magic mapping {unknown}
 h - a scroll of identify {unknown}
 i - a scroll of blinking {unknown}
Potions
 c - a potion of ambrosia
 g - a potion of haste {unknown}
 k - 2 potions of curing {unknown}
 l - a potion of degeneration {unknown}


   Skills:
 + Level 6.5 Fighting
 + Level 6.5 Short Blades
 + Level 0.5 Long Blades
 + Level 0.5 Axes
 + Level 0.5 Maces & Flails
 + Level 0.5 Polearms
 + Level 0.5 Staves
 + Level 0.5 Ranged Weapons
 + Level 0.5 Throwing
 + Level 0.5 Armour
 + Level 6.5 Dodging
 + Level 4.1 Stealth
 + Level 0.5 Shields
 + Level 0.5 Unarmed Combat
 + Level 0.5 Spellcasting
 + Level 0.3 Conjurations
 + Level 0.3 Hexes
 + Level 0.3 Summonings
 + Level 0.3 Necromancy
 + Level 0.3 Translocations
 + Level 0.3 Transmutations
 + Level 0.3 Fire Magic
 + Level 0.3 Ice Magic
 + Level 0.3 Air Magic
 + Level 0.3 Earth Magic
 + Level 0.3 Poison Magic
 + Level 0.6 Invocations
 + Level 0.5 Evocations


You had 2 spell levels left.
You didn't know any spells.
Your spell library was empty.

Dungeon Overview and Level Annotations

Branches:
Dungeon (1/15)

Altars:


Innate Abilities, Weirdness & Mutations

You have very sharp teeth.
Your uncanny sense of smell can sniff out nearby items.
Your experience applies equally to all skills.


Message History

The giant cockroach is heavily wounded.
The giant cockroach bites you but does no damage.
You hit the giant cockroach but do no damage.
The giant cockroach is heavily wounded.
The giant cockroach closely misses you. The rat barely misses you.
A rat comes into view.
You hit the giant cockroach but do no damage.
The giant cockroach is heavily wounded.
The giant cockroach misses you. The rat bites you.
You closely miss the giant cockroach.
The giant cockroach is heavily wounded.
The giant cockroach bites you but does no damage.
The worm bites you! The rat bites you.
You hit the giant cockroach but do no damage.
The giant cockroach is heavily wounded.
The giant cockroach barely misses you. The rat bites you but does no damage.
You hit the giant cockroach.
The giant cockroach is severely wounded.
The giant cockroach barely misses you. The worm misses you.
The rat attacks as you move away! The rat bites you.
You hit the giant cockroach.
You kill the giant cockroach!
You closely miss the rat. The rat misses you.
You barely miss the rat. You barely miss the rat. You barely miss the worm.
The rat bites you but does no damage.
You hit the worm but do no damage. You block the rat's attack.
The worm bites you!
* * * LOW HITPOINT WARNING * * *
You are too injured to fight recklessly!
You hit the rat.
You kill the rat!
The worm completely misses you.
You see here a rat corpse.
You hit the worm.
The worm is lightly wounded.
You hit the worm.
The worm is moderately wounded.
The worm bites you!
You die...

##..#####.#
...........#
...........#
...........#
..........$#
....r.....###
........r...#
#####.##w#.....
##....@.# ...
##.....### #
#.......#
##.......#
.........######
###............
#.......######
#.......#
#.......#


You could see a worm and a rat.

Vanquished Creatures
  A giant cockroach (D:2)
  2 hobgoblins (D:1)
  4 jackals (D:1)
  A quokka (D:1)
  3 ball pythons (D:1)
  2 bats (D:1)
  2 rats
15 creatures vanquished.

Vanquished Creatures (others)
  4 plants (D:1)
4 creatures vanquished.

Grand Total: 19 creatures vanquished

Notes
Turn   | Place    | Note
-------+----------+-------------------------------------------
     0 | D:1      | wormed the Gnoll Monk began the quest for the Orb.
     0 | D:1      | Reached XP level 1. HP: 23/23 MP: 1/1
    58 | D:1      | Reached XP level 2. HP: 23/29 MP: 2/2
   530 | D:1      | You fall into a shaft and drop 1 floor!
   557 | D:2      | Slain by a worm

Illustrated notes

Levels and vault maps discovered:
D:1:      denvon_arrival_planthouse, layout_rooms, kennysheep_flooded_box,
          supply_closet_lemuel, ebering_dispersal_statue_hall,
          dreamdust_princess_bridge, dk_noncrumbling_4, dreamdust_wishing_well,
          minmay_heptomino_h4
D:2:      layout_rooms

Action                   || total
-------------------------++-------
Melee: Short sword       ||    58
       Bite              ||     7
 Stab: Sleeping          ||     2
Armor: Robe              ||     9
Dodge: Dodged            ||    58
Block: Buckler           ||     4
